 Dungeon Crawl Stone Soup version 0.22.1-1-ga44c0e5 (webtiles) character file.

149 magicm the Slasher (level 5, -4/41 HPs)
             Began as a Human Fighter on Nov 8, 2018.
             Killed from afar by a white imp (12 damage)
             ... with a puff of frost
             ... summoned by bmj180's ghost
             ... on level 4 of the Dungeon.
             The game lasted 00:15:03 (2508 turns).

magicm the Slasher (Human Fighter)                  Turns: 2508, Time: 00:15:04

Health: -4/41      AC: 14    Str: 16    XL:     5   Next: 57%
Magic:  5/5        EV:  5    Int: 10    God:
Gold:   185        SH:  9    Dex: 12    Spells: 4/4 levels left

rFire    + . .     SeeInvis .   a - +0 long sword
rCold    . . .     Gourm    .   c - +0 shield
rNeg     . . .     Faith    .   w - +2 chain mail {rF+}
rPois    .         Spirit   .   x - +0 hat
rElec    .         Reflect  .   h - +0 cloak
rCorr    .         Harm     .   (no gloves)
MR       .....                  e - +1 pair of boots
Stlth    ..........             (no amulet)
HPRegen  0.13/turn              (no ring)
MPRegen  0.09/turn              (no ring)

@: no status effects
A: no striking features
a: no special abilities


You were on level 4 of the Dungeon.
You were not hungry.

You visited 1 branch of the dungeon, and saw 4 of its levels.

You collected 185 gold pieces.

Inventory:

Hand Weapons
 a - a +0 long sword (weapon)
 k - a +0 hand axe
Missiles
 q - 7 needles of confusion
Armour
 b - a +0 scale mail
 c - a +0 shield (worn)
 e - a +1 pair of boots (worn)
 h - a +0 cloak (worn)
 w - a +2 chain mail of fire resistance (worn)
 x - a +0 hat (worn)
Jewellery
 y - an uncursed amulet of faith {unknown}
Wands
 p - a wand of acid (8)
 r - a wand of iceblast (5)
Scrolls
 t - a scroll of remove curse
 v - a scroll of enchant armour {unknown}
Potions
 d - a potion of might
 g - 2 potions of flight
 i - a potion of resistance {unknown}
 j - a potion of cancellation {unknown}
 l - 3 potions of degeneration
 m - a potion of haste {unknown}
 n - a potion of ambrosia {unknown}
 o - a potion of lignification {unknown}
 s - a potion of curing {unknown}
 u - 2 potions of heal wounds {unknown}
 z - a potion of berserk rage {unknown}
Comestibles
 f - 2 rations


   Skills:
 + Level 3.4 Fighting
 + Level 3.9 Long Blades
 + Level 3.4 Armour
 + Level 1.2 Dodging
 + Level 0.2 Stealth
 + Level 3.6 Shields


You had 4 spell levels left.
You didn't know any spells.
Your spell library was empty.

Dungeon Overview and Level Annotations

Branches:
Dungeon (4/15)
 Temple: D:4-7

Altars:

Annotations:
D:4 bmj180's ghost, amateur TeSu


Message History

Bmj180's ghost casts a spell.
You block the quokka's attack. The crimson imp hits you.
You block the river rat's attack.
The white imp hits you but does no damage.
Bmj180's ghost hits you.
* * * LOW HITPOINT WARNING * * *
Aiming: Corrosive Bolt
Press: ? - help, Shift-Dir - straight line, f - bmj180's ghost
Aim: bmj180's ghost (heavily damaged)
The bolt of acid hits bmj180's ghost.
Bmj180's ghost is splashed with acid.
The acid corrodes bmj180's ghost!
Bmj180's ghost is almost destroyed.
The bat disappears in a puff of smoke!
The river rat disappears in a puff of smoke!
You block the quokka's attack. You block the crimson imp's attack.
The river rat bites you.
* * * LOW HITPOINT WARNING * * *
The white imp gestures at you. The puff of frost hits you!
You die...

.........##
.####...## #########
........# #...(.(.#
........#####((.....#
........[...#....♣..#
.....##.....#..(....#
######......#(....(.#
#......###'Wr###
#.........r@5§.#
#.......§r.r5#.#
#.........#.##
#.........#.#
#.........#.#
#.........###
#.........#
#.........#
##.......##


You could see bmj180's ghost, a crimson imp, a river rat, a white imp, 2 quokkas
and a rat.

Vanquished Creatures
  A hound (D:4)
  5 adders
  2 oozes
  A worm (D:3)
  A dart slug (D:3)
  A leopard gecko (D:3)
  7 orcs (D:3)
  2 giant cockroaches
  7 hobgoblins
  A quokka (D:3)
  6 bats
  3 frilled lizards
  9 goblins
  5 kobolds
  7 rats
58 creatures vanquished.

Notes
Turn   | Place    | Note
-------+----------+-------------------------------------------
     0 | D:1      | magicm the Human Fighter began the quest for the Orb.
     0 | D:1      | Reached XP level 1. HP: 18/18 MP: 1/1
    67 | D:1      | Reached XP level 2. HP: 24/24 MP: 2/2
   441 | D:1      | Reached XP level 3. HP: 28/29 MP: 3/3
  1004 | D:2      | Reached skill level 1 in Dodging
  1004 | D:2      | Reached XP level 4. HP: 19/35 MP: 4/4
  1849 | D:3      | Reached XP level 5. HP: 32/41 MP: 5/5
  2456 | D:4      | Found a runed gate.
  2457 | D:4      | Found a runed gate.
  2458 | D:4      | Found a runed gate.
  2459 | D:4      | Noticed bmj180's ghost (amateur TeSu)
  2508 | D:4      | Killed from afar by a white imp

Skill      XL: |  1  2  3  4 |
---------------+-------------+-----
Dodging        | 1 |  1.2
Long Blades    | 3 |  3.9
Fighting       | |  3.4
Armour         | |  3.4
Stealth        | |  0.2
Shields        | |  3.6

Action                   |  1- 3 |  4- 6 || total
-------------------------+-------+-------++-------
Melee: Long sword        |    85 |   137 ||   222
Evoke: Wand              |       |     1 ||     1
  Use: Scroll            |     5 |     2 ||     7
       Potion            |     1 |     1 ||     2
  Eat: Ration            |       |     2 ||     2
Armor: Scale mail        |    37 |    34 ||    71
       Chain mail        |       |    56 ||    56
Dodge: Dodged            |    25 |    39 ||    64
Block: Shield            |    44 |    81 ||   125
       Rpst.: Long sword |     9 |    16 ||    25
